 Dungeon Crawl Stone Soup version 0.21.1-1-g345015f (webtiles) character file.

88 Devlin the Skirmisher (level 4, -1/32 HPs)
             Began as an Octopode Fighter on Apr 28, 2018.
             Slain by an ogre
             ... wielding a cursed -3 giant club
              (22 damage)
             ... on level 4 of the Dungeon.
             The game lasted 00:06:33 (1020 turns).

Devlin the Skirmisher (Octopode Fighter)            Turns: 1020, Time: 00:06:34

Health: -1/32      AC:  1    Str: 16    XL:     4   Next: 54%
Magic:  4/4        EV: 12    Int: 10    God:
Gold:   61         SH:  9    Dex: 11    Spells: 3/3 levels left

rFire    . . .     SeeInvis .   o - +0 hand axe
rCold    . . .     Gourm    .   b - +0 shield
rNeg     . . .     Faith    .   (helmet restricted)
rPois    .         Spirit   .   (no amulet)
rElec    .         Reflect  .   (no ring)
rCorr    .         Harm     .   (no ring)
MR       .....                  (no ring)
Stlth    ++........             (no ring)
HPRegen  0.10/turn              (no ring)
MPRegen  0.09/turn              (no ring)
                                (no ring)
                                (no ring)

@: no status effects
A: almost no armour, stealthy swim, amphibious, 8 rings, constrict 8, camouflage
1, gelatinous body 1
a: no special abilities


You were on level 4 of the Dungeon.
You were not hungry.

You visited 1 branch of the dungeon, and saw 3 of its levels.

You collected 61 gold pieces.

Inventory:

Hand Weapons
 a - a +0 long sword
 f - a +0 hunting sling
 n - a +0 hand axe
 o - a +0 hand axe (weapon)
Missiles
 e - 25 stones (quivered)
 j - 40 bolts
Armour
 b - a +0 shield (worn)
 p - a +0 helmet
Scrolls
 g - 2 scrolls of teleportation
 i - 3 scrolls of identify {unknown}
 l - a scroll of remove curse {unknown}
 m - 2 scrolls of enchant weapon {unknown}
Potions
 c - 2 potions of might
 h - a potion of degeneration {unknown}
 k - a potion of curing {unknown}
 q - a potion of mutation {unknown}
Comestibles
 d - 3 rations


   Skills:
 + Level 3.6 Fighting
 + Level 3.0 Long Blades
 + Level 0.1 Axes
 + Level 3.4 Dodging
 + Level 1.0 Stealth
 + Level 3.5 Shields


You had 3 spell levels left.
You didn't know any spells.

Dungeon Overview and Level Annotations

Branches:
Dungeon (2/15)

Altars:
Dithmenos
Elyvilon
Fedhas
Hepliaklqana
Qazlal
Uskayaw
Wu Jian
Xom
Yredelemnul
Zin


Innate Abilities, Weirdness & Mutations

You cannot wear most types of armour.
You are very stealthy in the water. (Stealth+)
You are amphibious.
You can wear up to eight rings at the same time.
You can use your tentacles to constrict eight enemies at once.
Your skin changes colour to match your surroundings (Stealth+).
Your rubbery body absorbs attacks. (AC +1, EV +1)


Message History

Okay, then.
As you read the scroll labeled QATTIT XATOEF, it crumbles to dust.
You feel strangely unstable.
It was a scroll of teleportation.
Your surroundings suddenly seem different.
You fall through a shaft for 2 floors!
The shaft crumbles and collapses.
Found a stone staircase leading down.
An ogre comes into view. It is wielding a giant club.
Found 11 gold pieces.
You completely miss the ogre. Your squeeze misses the ogre.
The ogre barely misses you.
You hit the ogre but do no damage. The ogre closely misses you.
You hit the ogre.
The ogre is lightly wounded.
The ogre closely misses you.
You hit the ogre.
The ogre is lightly wounded.
The ogre hits you with a giant club!!
Ouch! That really hurt!
You die...

#.# #.# #### ..#
.... #.# ..#
#.##..### #.$......
#........
#.###@O......
#............
#####........
###########..#...##
.............#...#
#####>###....# ###
# #..#.# #..#.#
#..#.#


You could see an ogre.

Vanquished Creatures
  3 gnolls (D:2)
  An adder (D:2)
  A shadow imp (D:2)
  A worm (D:2)
  2 dart slugs
  2 leopard geckos (D:1)
  4 bats
  A giant cockroach (D:1)
  6 goblins (D:1)
  4 hobgoblins
  2 kobolds
  A ball python (D:1)
  6 frilled lizards
  4 rats
38 creatures vanquished.

Notes
Turn   | Place    | Note
-------+----------+-------------------------------------------
     0 | D:1      | Devlin the Octopode Fighter began the quest for the Orb.
     0 | D:1      | Reached XP level 1. HP: 16/16 MP: 1/1
   160 | D:1      | Reached XP level 2. HP: 16/21 MP: 2/2
   404 | D:1      | Reached XP level 3. HP: 26/26 MP: 3/3
   654 | D:2      | Found a hide-covered altar of Uskayaw.
   654 | D:2      | Found a shadowy altar of Dithmenos.
   656 | D:2      | Found a hazy altar of Hepliaklqana.
   661 | D:2      | Found a glowing silver altar of Zin.
   661 | D:2      | Found an ornate altar of the Wu Jian Council.
   661 | D:2      | Found a blossoming altar of Fedhas.
   664 | D:2      | Found a stormy altar of Qazlal.
   665 | D:2      | Found a shimmering altar of Xom.
   666 | D:2      | Found a white marble altar of Elyvilon.
   669 | D:2      | Found a basalt altar of Yredelemnul.
   840 | D:2      | Reached XP level 4. HP: 14/31 MP: 4/4
   989 | D:2      | Reached skill level 1 in Stealth
  1009 | D:2      | You fall through a shaft for 2 floors!
  1011 | D:4      | Noticed an ogre
  1020 | D:4      | Slain by an ogre

Skill      XL: |  1  2  3  4 |
---------------+-------------+-----
Long Blades    | 3 |  3.0
Stealth        | 1 |  1.0
Fighting       | |  3.6
Axes           | |  0.1
Dodging        | |  3.4
Shields        | |  3.5

Action                   |  1- 3 |  4- 6 || total
-------------------------+-------+-------++-------
Melee: Long sword        |    39 |       ||    39
       Constrict         |    17 |     5 ||    22
       Tentacles         |     9 |     1 ||    10
       Hand axe          |     7 |    14 ||    21
  Use: Scroll            |       |     1 ||     1
 Stab: Sleeping          |     2 |       ||     2
Armor: Skin              |     4 |     1 ||     5
Dodge: Dodged            |    13 |     9 ||    22
Block: Shield            |    16 |    11 ||    27
       Rpst.: Long sword |     4 |       ||     4
